[Event "Small Nations"]
[Site "?"]
[Date "2015.04.19"]
[Round "1.6"]
[White "Rodgaard, John"]
[Black "Garcia Paolicchi, Raul"]
[Result "1/2-1/2"]
[ECO "A30"]
[WhiteElo "2340"]
[BlackElo "2146"]
[PlyCount "113"]
[EventDate "2015.??.??"]
[TimeControl "6000+1870"]
[WhiteClock "0:01:07"]
[BlackClock "0:09:34"]

1. c4 c5 2. Nf3 Nf6 3. Nc3 e6 4. g3 b6 5. Bg2 Bb7 6. O-O a6 7. d4 cxd4 8. Qxd4
Nc6 9. Qf4 Ne7 10. Qd4 Nc6 11. Qd1 Rc8 12. b3 Be7 13. Bf4 d6 14. Qd2 Qc7 15.
Rfd1 Rd8 16. Rac1 Qb8 17. Ng5 O-O 18. Na4 h6 19. Ne4 Nxe4 20. Bxe4 Ne5 21. Bxb7
Qxb7 22. Qe3 b5 23. Bxe5 bxa4 24. Bb2 axb3 25. axb3 d5 26. cxd5 Rxd5 27. Rxd5
Qxd5 28. Rc4 Qd1+ 29. Kg2 Qd5+ 30. f3 Bg5 31. Qe5 Bf6 32. Qxd5 exd5 33. Rc2
Bxb2 34. Rxb2 Rb8 35. Kf2 Kf8 36. Ke3 Ke7 37. Kd4 Kd6 38. Ra2 Rb4+ 39. Kc3 Rb6
40. Ra5 Kc6 41. h4 Kd6 42. h5 Kc6 43. Ra4 f6 44. Ra5 Kd6 45. g4 Kc6 46. f4 Kd6
47. e3 Kc6 48. Ra4 Kd6 49. Kd4 Ke6 50. e4 dxe4 51. Kxe4 f5+ 52. gxf5+ Kf6 53.
b4 Rd6 54. Ra5 Rb6 55. Ra4 Rd6 56. Ra1 Rb6 57. Ra4 1/2-1/2

[Event "Small Nations"]
[Site "?"]
[Date "2015.04.20"]
[Round "2.12"]
[White "Gengler, Pierre"]
[Black "Hadjikyriakou, Arsenios"]
[Result "1-0"]
[ECO "C54"]
[WhiteElo "2195"]
[BlackElo "1859"]
[PlyCount "58"]
[EventDate "2015.??.??"]
[TimeControl "6000+1650"]
[WhiteClock "0:07:19"]
[BlackClock "0:30:30"]

1. e4 e5 2. Nf3 Nc6 3. Bc4 Bc5 4. c3 Nf6 5. O-O Nxe4 6. d4 exd4 7. cxd4 d5 8.
dxc5 dxc4 9. Qxd8+ Kxd8 10. Rd1+ Bd7 11. Be3 Kc8 12. Rc1 Be6 13. Nbd2 Nxd2 14.
Nxd2 Ne5 15. Bd4 Nd3 16. Rc3 Rd8 17. Bxg7 Nf4 18. Rc2 Bf5 19. Rxc4 Ne2+ 20. Kf1
Rxd2 21. Bh6 Rd7 22. Re1 Bd3 23. Rg4 Nf4+ 24. Kg1 Ne6 25. Rg8+ Rd8 26. Rxd8+
Nxd8 27. Re7 Bb5 28. Bf4 Ne6 29. Rxf7 b6 {Black lost on time.} 1-0

[Event "Small Nations"]
[Site "?"]
[Date "2015.04.20"]
[Round "2.13"]
[White "Nielsen, Hogni Egilstoft"]
[Black "Jouault, Louis"]
[Result "0-1"]
[ECO "B01"]
[WhiteElo "2382"]
[BlackElo "1908"]
[PlyCount "65"]
[EventDate "2015.??.??"]
[TimeControl "6000+1450"]
[WhiteClock "0:30:23"]
[BlackClock "0:05:32"]

1. e4 d5 2. exd5 Nf6 3. Be2 Nxd5 4. d4 g6 5. Nf3 Bg7 6. O-O O-O 7. Re1 Nc6 8.
c3 e5 9. Nxe5 Nxe5 10. dxe5 Re8 11. Bf3 c6 12. Na3 Nb6 13. Qxd8 Rxd8 14. Bg5
Re8 15. Rad1 Be6 16. b3 h6 17. Bh4 g5 18. Bg3 Rad8 19. Nc2 Rxd1 20. Rxd1 Bc8
21. a4 g4 22. a5 gxf3 23. axb6 axb6 24. gxf3 Be6 25. Nd4 Rd8 26. Ra1 Bh3 27.
Ne2 Re8 28. Nf4 Bc8 29. Ng2 b5 30. h4 Kf8 31. f4 f6 32. Re1 c5 33. Re3 {White
lost on time.} 0-1

[Event "Small Nations"]
[Site "?"]
[Date "2015.04.20"]
[Round "3.2"]
[White "Grassi, Enrico"]
[Black "Van Hoolandt, Patrick"]
[Result "1-0"]
[ECO "C52"]
[WhiteElo "2038"]
[BlackElo "2107"]
[PlyCount "55"]
[EventDate "2015.??.??"]
[TimeControl "6000+1700"]
[WhiteClock "1:00:20"]
[BlackClock "0:49:37"]

1. e4 e5 2. Nf3 Nc6 3. Bc4 Bc5 4. b4 Bxb4 5. c3 Ba5 6. d4 b5 7. Bxb5 Nxd4 8.
Nxd4 exd4 9. O-O dxc3 10. Bc4 c6 11. Qh5 d5 12. exd5 Nf6 13. Re1+ Kf8 14. Qe5
Bb6 15. Ba3+ c5 16. Nxc3 Ng4 17. Qe2 Bd7 18. h3 Nf6 19. Qe5 h5 20. d6 h4 21.
Qf4 g5 22. Qf3 Rh7 23. Re7 Be6 24. Bxe6 Qxd6 25. Qxa8+ Kxe7 26. Bf5 Qd2 27. Ne4
Qd4 28. Re1 1-0

[Event "Small Nations"]
[Site "?"]
[Date "2015.04.20"]
[Round "3.7"]
[White "Linster, Philippe"]
[Black "Darmanin, Jake"]
[Result "1-0"]
[ECO "A16"]
[WhiteElo "2239"]
[BlackElo "1984"]
[PlyCount "155"]
[EventDate "2015.??.??"]
[TimeControl "6000+1635"]
[WhiteClock "0:11:35"]
[BlackClock "0:01:22"]

1. c4 Nf6 2. g3 g6 3. Bg2 d5 4. cxd5 Nxd5 5. Nc3 Nxc3 6. bxc3 Bg7 7. Nf3 O-O 8.
O-O e5 9. Rb1 Nd7 10. d4 exd4 11. cxd4 Nb6 12. Bg5 Qd5 13. a4 Qa5 14. Ra1 c6
15. Bd2 Qh5 16. a5 Nc4 17. Bb4 Re8 18. Qd3 Qb5 19. Bc3 Bf5 20. Qd1 Rad8 21. e3
c5 22. Qa4 Qa6 23. Rfc1 cxd4 24. Bxd4 Nb2 25. Qb3 Nd3 26. Rc7 Be6 27. Qc3 Rc8
28. Bxg7 Rxc7 29. Qxc7 Rc8 30. Qe7 Kxg7 31. Nd4 Nc5 32. Rc1 Bc4 33. Bh3 Nd3 34.
Bxc8 Nxc1 35. Qe5+ Kg8 36. Qc7 Ne2+ 37. Nxe2 Bxe2 38. Bxb7 Qd3 39. Qc8+ Kg7 40.
Qc1 a6 41. Qa1+ Kg8 42. Kg2 Qb5 43. Bf3 Bc4 44. h4 h5 45. Qc3 Be6 46. e4 Kf8
47. Qd2 Bc4 48. Kh2 Bd3 49. Bg2 Ke7 50. Qc3 Bc4 51. Qd4 Be6 52. e5 Kf8 53. Qc3
Qe2 54. Qc5+ Kg7 55. Bb7 Qf1 56. Qb6 Bc4 57. Qd4 Be6 58. Bg2 Qb5 59. Bh3 Bxh3
60. Kxh3 Qxa5 61. e6+ Kf8 62. Qd6+ Kg7 63. e7 Qf5+ 64. Kg2 Qe4+ 65. Kh2 Qe2 66.
Kg2 Qe4+ 67. Kf1 a5 68. Qd7 Qh1+ 69. Ke2 Qe4+ 70. Kd2 Qb4+ 71. Kd3 Qb3+ 72. Ke4
f5+ 73. Ke5 Qb8+ 74. Kd5 Qb3+ 75. Kc6 Qc4+ 76. Kb7 Qb4+ 77. Ka8 Qe4+ 78. Ka7
1-0

[Event "Small Nations"]
[Site "?"]
[Date "2015.04.21"]
[Round "4.7"]
[White "Poulsen, Martin"]
[Black "Nelis, Jean-Francois"]
[Result "1-0"]
[ECO "A01"]
[WhiteElo "2252"]
[BlackElo "2146"]
[PlyCount "167"]
[EventDate "2015.??.??"]
[TimeControl "6000+1715"]
[WhiteClock "0:02:19"]
[BlackClock "0:04:21"]

1. b3 d5 2. Bb2 Bg4 3. h3 Bh5 4. Nf3 Bxf3 5. gxf3 e6 6. e3 Nd7 7. f4 c6 8. Rg1
Ndf6 9. Bd3 g6 10. Qe2 Nh6 11. c4 a6 12. cxd5 cxd5 13. Bb5+ axb5 14. Qxb5+ Qd7
15. Qxd7+ Nxd7 16. Bxh8 f6 17. Nc3 Bd6 18. Nb5 Ke7 19. Nxd6 Kxd6 20. Bxf6 Nxf6
21. a4 Kc5 22. b4+ Kxb4 23. Rb1+ Kc5 24. Ke2 Ra7 25. Rgc1+ Kd6 26. Rb6+ Kd7 27.
Rcb1 Kc7 28. Rxe6 Nhg8 29. Reb6 Ne8 30. R6b4 Ne7 31. a5 Nc6 32. Rb5 Nf6 33. Rc1
Kd6 34. a6 Rxa6 35. Rxb7 Nd7 36. Rcb1 Ra2 37. R7b2 Ra8 38. Rc2 Ra7 39. Rbc1 Ra6
40. Rb1 Ra7 41. Rbc1 Ra6 42. Rg1 Ne7 43. Rb2 Ra7 44. Rc1 Nc6 45. Rbb1 Ra8 46.
Ra1 Rf8 47. Ra6 Ndb8 48. Rb6 Rc8 49. Ra1 Nd7 50. Rb7 Rf8 51. Ra6 Nc5 52. Rxc6+
Kxc6 53. Rxh7 Kd6 54. Rh6 Rf6 55. f5 Rxf5 56. Rxg6+ Ne6 57. Rh6 Ke7 58. f4 Rf8
59. Rh7+ Kf6 60. h4 d4 61. Kf3 Kg6 62. Rd7 Kh5 63. Rh7+ Kg6 64. Rd7 Kh5 65. Re7
Rf6 66. Ke4 dxe3 67. dxe3 Nf8 68. f5 Kxh4 69. Ke5 Ra6 70. Rf7 Ra8 71. Kf6 Kg4
72. e4 Kf4 73. e5 Ra5 74. Rxf8 Rxe5 75. Kg6 Ra5 76. f6 Rg5+ 77. Kf7 Rf5 78. Re8
Kg5 79. Rg8+ Kf4 80. Rg6 Ra5 81. Kg7 Kf5 82. f7 Ra7 83. Rg1 Ke6 84. Kg8 1-0

[Event "Small Nations"]
[Site "?"]
[Date "2015.04.21"]
[Round "4.10"]
[White "Mooney, Graham"]
[Black "Garcia Paolicchi, Raul"]
[Result "1/2-1/2"]
[ECO "B43"]
[WhiteElo "1870"]
[BlackElo "2146"]
[PlyCount "180"]
[EventDate "2015.??.??"]
[TimeControl "6000+865"]
[WhiteClock "0:16:31"]
[BlackClock "0:10:55"]

1. e4 c5 2. Nf3 e6 3. d4 cxd4 4. Nxd4 a6 5. Nc3 Qc7 6. Bd3 Nf6 7. O-O Bc5 8.
Nf3 d6 9. Qe2 Nbd7 10. Bf4 Ne5 11. Nxe5 dxe5 12. Be3 Bd7 13. Rae1 O-O 14. Kh1
Rad8 15. Bg5 Be7 16. f4 Kh8 17. fxe5 Qxe5 18. Bf4 Qh5 19. e5 Qxe2 20. Bxe2 Nd5
21. Nxd5 exd5 22. Bd3 Be6 23. Bg3 Kg8 24. Kg1 Rfe8 25. Bf5 Rc8 26. Bxe6 fxe6
27. Re2 Rc6 28. c3 b5 29. h3 a5 30. Kh2 b4 31. cxb4 axb4 32. Bf4 Ra8 33. Ref2
Rf8 34. Be3 Rxf2 35. Rxf2 Ra6 36. b3 Rc6 37. Rf1 Rc3 38. Bb6 Bh4 39. Rf3 Rc2
40. Ba5 Be7 41. Rf4 Rxa2 42. Bxb4 Bxb4 43. Rxb4 Re2 44. Rb7 Rxe5 45. Kg3 d4 46.
b4 d3 47. Rd7 Rb5 48. Rxd3 Rxb4 49. Rd7 Re4 50. Kf3 Re1 51. h4 Kf8 52. g4 Rf1+
53. Ke4 Rf7 54. Rd2 Ra7 55. Rb2 Ke7 56. Rb4 h6 57. Ke5 Ra5+ 58. Ke4 Kf6 59. Kf4
g5+ 60. hxg5+ hxg5+ 61. Ke4 Ra3 62. Rb8 Ra4+ 63. Kf3 Rd4 64. Rb5 Rd5 65. Rb3
Ke5 66. Re3+ Kd6 67. Ra3 Rb5 68. Rd3+ Ke5 69. Re3+ Kf6 70. Ra3 Rb1 71. Ra5 Rb3+
72. Kf2 Rd3 73. Rb5 Rd5 74. Rb3 Rd4 75. Kf3 Ke5 76. Rb5+ Rd5 77. Rb3 Kd4 78.
Rb1 Rc5 79. Rd1+ Ke5 80. Re1+ Kf6 81. Re3 Rc4 82. Ra3 Rf4+ 83. Kg3 Rf1 84. Ra5
Rg1+ 85. Kf3 Rh1 86. Kg2 Rd1 87. Kf3 Rd3+ 88. Kf2 Rd5 89. Ra3 Ke5 90. Kf3 Rc5
1/2-1/2

[Event "Small Nations"]
[Site "?"]
[Date "2015.04.21"]
[Round "4.18"]
[White "Cilia Vincenti, David"]
[Black "Constantinou, Pavlos"]
[Result "1/2-1/2"]
[ECO "E44"]
[WhiteElo "2078"]
[BlackElo "2057"]
[PlyCount "134"]
[EventDate "2015.??.??"]
[TimeControl "6000+880"]
[WhiteClock "0:08:26"]
[BlackClock "0:03:52"]

1. d4 Nf6 2. c4 e6 3. Nc3 Bb4 4. e3 b6 5. Nge2 Bb7 6. a3 Be7 7. d5 d6 8. Ng3
O-O 9. e4 Re8 10. Bd3 Bf8 11. O-O Nbd7 12. Bg5 h6 13. Be3 Nc5 14. Bc2 a5 15. b3
g6 16. Re1 Bg7 17. Bd4 e5 18. Be3 Kh7 19. f3 Qe7 20. Qd2 Ng8 21. Rab1 h5 22. b4
axb4 23. axb4 Nd7 24. Ba4 Bh6 25. Bxh6 Nxh6 26. c5 bxc5 27. bxc5 Ba6 28. cxd6
cxd6 29. Bc6 Rab8 30. Ra1 Nc5 31. Bxe8 Rxe8 32. Reb1 h4 33. Nge2 h3 34. g3 Rd8
35. Qe3 Rd7 36. Rb6 Bxe2 37. Nxe2 Rb7 38. Rxb7 Qxb7 39. Kf2 Qb6 40. Kg1 Qb2 41.
Rd1 Qc2 42. Qd2 Qb3 43. Nc3 Kg7 44. g4 f6 45. Kf2 Nxg4+ 46. fxg4 Qxc3 47. Qxc3
Nxe4+ 48. Ke3 Nxc3 49. Rd3 Nb5 50. Ke4 Kh6 51. Rxh3+ Kg5 52. Rg3 Nd4 53. h3 Kh4
54. Ra3 f5+ 55. gxf5 gxf5+ 56. Kd3 f4 57. Ra6 Nf5 58. Ke4 Ng3+ 59. Kf3 Nf5 60.
Ra8 Kxh3 61. Rh8+ Nh4+ 62. Ke4 f3 63. Ke3 Kg4 64. Rg8+ Kf5 65. Rd8 Kg4 66. Rg8+
Kf5 67. Rd8 Kg4 1/2-1/2

[Event "Small Nations"]
[Site "?"]
[Date "2015.04.22"]
[Round "6.10"]
[White "Cilia Vincenti, David"]
[Black "Rodgaard, John"]
[Result "0-1"]
[ECO "D45"]
[WhiteElo "2078"]
[BlackElo "2340"]
[PlyCount "142"]
[EventDate "2015.??.??"]
[TimeControl "6000+1740"]
[WhiteClock "0:03:38"]
[BlackClock "0:03:58"]

1. d4 d5 2. c4 e6 3. Nc3 c6 4. e3 Nf6 5. Nf3 Nbd7 6. b3 Bd6 7. Bb2 O-O 8. Be2
b6 9. O-O Bb7 10. Bd3 c5 11. cxd5 Nxd5 12. Nxd5 Bxd5 13. e4 Bb7 14. Bc2 Re8 15.
Qe2 cxd4 16. Nxd4 Qb8 17. h3 Ne5 18. Nb5 Bc5 19. a3 a6 20. Nd4 Nc6 21. Nxc6
Bxc6 22. b4 Bd6 23. Qc4 Rc8 24. Qc3 Bf8 25. Qe3 Qb7 26. Rfe1 a5 27. bxa5 Rxa5
28. Rab1 Bb5 29. Bd3 Bxd3 30. Qxd3 Ra4 31. f3 h6 32. Rec1 Raa8 33. Rxc8 Qxc8
34. Rc1 Qb7 35. Qc3 Rd8 36. Kh1 Qa6 37. Qc4 Rd1+ 38. Kh2 Bd6+ 39. e5 Qxc4 40.
Rxc4 Bc5 41. Ra4 g5 42. h4 Kg7 43. hxg5 hxg5 44. Kg3 Kg6 45. Bc3 Rd3 46. Bb4
Rd4 47. Ra8 Bxb4 48. axb4 Rxb4 49. Rg8+ Kh6 50. Kf2 Rb2+ 51. Kg3 b5 52. f4
gxf4+ 53. Kxf4 b4 54. Rb8 b3 55. g3 Kg7 56. Kg5 Rb1 57. Kg4 f6 58. Rb7+ Kg6 59.
exf6 Kxf6 60. Rb8 b2 61. Rb5 e5 62. Rb6+ Ke7 63. Kg5 e4 64. g4 e3 65. Rb3 Kd6
66. Rd3+ Kc5 67. Rxe3 Rg1 68. Rb3 b1=Q 69. Rxb1 Rxb1 70. Kf6 Kd6 71. g5 Rf1+
0-1

[Event "Small Nations"]
[Site "?"]
[Date "2015.04.23"]
[Round "7.14"]
[White "Aristotelous, Vassilis"]
[Black "Hamperl, Fred"]
[Result "1-0"]
[ECO "B23"]
[WhiteElo "1969"]
[BlackElo "2071"]
[PlyCount "159"]
[EventDate "2015.??.??"]
[TimeControl "6000+875"]
[WhiteClock "0:05:20"]
[BlackClock "0:04:14"]

1. e4 c5 2. Nc3 Nc6 3. f4 g6 4. Nf3 Bg7 5. Bb5 Nd4 6. O-O Nxb5 7. Nxb5 a6 8.
Nc3 e6 9. d3 Ne7 10. Be3 b6 11. d4 cxd4 12. Bxd4 O-O 13. Bxg7 Kxg7 14. Qd4+ f6
15. Rad1 Qc7 16. Qd6 Qxd6 17. Rxd6 Rb8 18. Na4 Nc6 19. e5 f5 20. a3 Rf7 21.
Rfd1 Rb7 22. Nd4 Nxd4 23. R1xd4 Rc7 24. c3 Bb7 25. Nxb6 Bc6 26. a4 a5 27. b4
Rb7 28. bxa5 Ra7 29. a6 Kf8 30. c4 Ke8 31. c5 Rxa6 32. Kf2 Ra5 33. Rc4 Rf8 34.
g3 Ke7 35. Ke3 h6 36. h4 Rg8 37. Rcd4 Rd8 38. Kd3 Rxc5 39. Rc4 Ra5 40. Kc3 Ra6
41. Nxd7 Bb7 42. Nc5 Ra7 43. Rxe6+ Kf7 44. Rf6+ Ke7 45. Rxg6 Rf8 46. Rxh6 Bd5
47. Rh7+ Rf7 48. Rxf7+ Bxf7 49. e6 Be8 50. Kd4 Ra5 51. Ke5 Bxa4 52. Kxf5 Bb3
53. Rc3 Bxe6+ 54. Ke5 Bg4 55. Kd4 Ra1 56. Nd3 Rg1 57. Ne5 Bf5 58. Rf3 Kf6 59.
Ke3 Rg2 60. Kd4 Rd2+ 61. Kc5 Rd1 62. g4 Be6 63. h5 Rg1 64. g5+ Kf5 65. Kd6 Ra1
66. g6 Ra6+ 67. Kc5 Kf6 68. h6 Ra5+ 69. Kd4 Ra4+ 70. Ke3 Ra3+ 71. Kf2 Ra2+ 72.
Kg3 Bd5 73. Rf2 Ra1 74. Rh2 Rg1+ 75. Kf2 Ra1 76. h7 Ra2+ 77. Kg3 Ra3+ 78. Kh4
Kg7 79. Kg5 Rg3+ 80. Ng4 1-0

[Event "Small Nations"]
[Site "?"]
[Date "2015.04.25"]
[Round "8.1"]
[White "Jouault, Louis"]
[Black "Berend, Fred"]
[Result "1-0"]
[ECO "B23"]
[WhiteElo "1908"]
[BlackElo "2349"]
[PlyCount "162"]
[EventDate "2015.??.??"]
[TimeControl "6000+1500"]
[WhiteClock "0:09:49"]
[BlackClock "0:09:37"]

1. e4 c5 2. Nc3 Nc6 3. f4 g6 4. Nf3 Bg7 5. Bb5 Nd4 6. O-O Nxb5 7. Nxb5 d5 8.
exd5 a6 9. Nc3 Nf6 10. d4 c4 11. Ne5 Nxd5 12. Qf3 Nf6 13. Be3 O-O 14. d5 Bf5
15. Rf2 b5 16. g4 Bd7 17. Rd1 Qc8 18. h3 b4 19. Ne4 Nxe4 20. Qxe4 f5 21. Qxc4
fxg4 22. Qxc8 Bxc8 23. hxg4 Bxe5 24. fxe5 Bxg4 25. Rd4 Rxf2 26. Bxf2 Bf5 27. d6
exd6 28. exd6 Rd8 29. Rd2 Rd7 30. Bb6 Kf7 31. Ba5 Rb7 32. Bc7 Ke8 33. Re2+ Kd7
34. Re7+ Kc6 35. Rxh7 Rb5 36. Rh4 Kd7 37. Rh7+ Kc6 38. Rh4 Be6 39. Rd4 Kd7 40.
a4 bxa3 41. bxa3 Rg5+ 42. Kf2 Rc5 43. Rd2 Bf5 44. a4 Bxc2 45. a5 Bf5 46. Kg3 g5
47. Re2 Rc3+ 48. Kf2 Be6 49. Re3 Rc2+ 50. Kg3 Rd2 51. Ra3 Rd1 52. Re3 Rd4 53.
Rc3 Rh4 54. Re3 Rh7 55. Re5 Rh3+ 56. Kg2 g4 57. Rg5 Rd3 58. Rg7+ Kc6 59. Kf2
Bf5 60. Kg2 Be4+ 61. Kf2 Rf3+ 62. Kg1 g3 63. Rg4 Re3 64. Kf1 Bd5 65. Bb6 Rb3
66. Ke1 Kxd6 67. Rg6+ Ke7 68. Bc5+ Kf7 69. Rxa6 Rb1+ 70. Kd2 g2 71. Ra7+ Kg8
72. Rd7 Bc4 73. Rc7 Bd5 74. Rd7 Rb5 75. Rd8+ Kf7 76. Rd7+ Ke6 77. Rg7 Rxc5 78.
Ke3 Rxa5 79. Kf2 Ra2+ 80. Kg1 Ra1+ 81. Kf2 Rf1+ 1-0

[Event "Small Nations"]
[Site "?"]
[Date "2015.04.25"]
[Round "8.3"]
[White "Kahn, Tito"]
[Black "Linster, Philippe"]
[Result "0-1"]
[ECO "A46"]
[WhiteElo "1942"]
[BlackElo "2239"]
[PlyCount "256"]
[EventDate "2015.??.??"]
[TimeControl "6000+1045"]
[WhiteClock "0:03:09"]
[BlackClock "0:03:56"]

1. d4 Nf6 2. Nf3 e6 3. Bf4 c5 4. e3 b6 5. Bd3 Bb7 6. Nbd2 Be7 7. h3 O-O 8. O-O
d6 9. Bh2 cxd4 10. exd4 Nbd7 11. Re1 Qc7 12. Qe2 Rfe8 13. c3 Bf8 14. Rad1 a6
15. Ng5 b5 16. Nde4 Qc6 17. Nxf6+ Nxf6 18. Be4 Nxe4 19. Qxe4 Qxe4 20. Nxe4 Bxe4
21. Rxe4 d5 22. Re2 Rec8 23. a3 Rc4 24. f4 a5 25. f5 exf5 26. Re5 Rd8 27. Rxf5
b4 28. axb4 axb4 29. Rf3 f6 30. Kf1 Kf7 31. Ke2 Ra8 32. Bf4 Ra2 33. Rd2 Ra1 34.
Rd1 Ra6 35. Kd2 bxc3+ 36. bxc3 Ra2+ 37. Kd3 Rxg2 38. Ra1 Rc6 39. Re3 Bd6 40.
Ra7+ Kg6 41. Bxd6 Rxd6 42. c4 dxc4+ 43. Kxc4 Rg5 44. Rae7 h5 45. R7e6 Rxe6 46.
Rxe6 Kf5 47. d5 Rg1 48. Re3 Rd1 49. Kc5 g5 50. d6 g4 51. hxg4+ hxg4 52. Kc6 Kf4
53. Re6 f5 54. d7 g3 55. Rd6 Rxd6+ 56. Kxd6 g2 57. d8=Q g1=Q 58. Qh4+ Qg4 59.
Qf2+ Qf3 60. Qh4+ Ke3 61. Qe1+ Kd4 62. Qb4+ Kd3 63. Qb3+ Ke2 64. Qc2+ Ke3 65.
Qc5+ Kf4 66. Qe5+ Kg4 67. Qg7+ Kh3 68. Qh6+ Kg2 69. Qd2+ Kg3 70. Qg5+ Kh3 71.
Qh6+ Kg4 72. Qg7+ Kh4 73. Qh6+ Qh5 74. Qf4+ Qg4 75. Qh6+ Kg3 76. Qe3+ Kg2 77.
Qd2+ Kh3 78. Qh6+ Qh4 79. Qc1 Qd4+ 80. Kc7 f4 81. Qf1+ Kg3 82. Qe1+ Qf2 83. Qe5
Qe3 84. Qd6 Kf2 85. Qd5 Qc3+ 86. Kb8 f3 87. Qe4 Qh8+ 88. Kb7 Qg7+ 89. Kb8 Kg3
90. Qd3 Qe5+ 91. Kb7 Kg2 92. Qg6+ Kf1 93. Qb1+ Qe1 94. Qd3+ Kg2 95. Qg6+ Qg3
96. Qe4 Qg7+ 97. Ka8 Qg5 98. Qc6 Qd8+ 99. Kb7 Qe7+ 100. Ka8 Qe3 101. Qd5 Kf1
102. Qd1+ Kf2 103. Qc2+ Qe2 104. Qc5+ Ke1 105. Qc1+ Qd1 106. Qe3+ Kf1 107. Qe4
Qd8+ 108. Kb7 Qd7+ 109. Ka8 Qc8+ 110. Ka7 Qc5+ 111. Kb7 f2 112. Qd3+ Ke1 113.
Qb1+ Kd2 114. Qb2+ Ke3 115. Qb3+ Kf4 116. Qf7+ Qf5 117. Qc7+ Kf3 118. Qc3+ Kg2
119. Qg7+ Kh3 120. Qh8+ Kg4 121. Qg7+ Qg5 122. Qd4+ Kg3 123. Qd6+ Kg2 124. Qc6+
Kg1 125. Qb6 Qe7+ 126. Ka8 Qe4+ 127. Ka7 Kg2 128. Qb2 Qe3+ {White touched his
queen and resigned.} 0-1

[Event "Small Nations"]
[Site "?"]
[Date "2015.04.25"]
[Round "9.1"]
[White "Berend, Fred"]
[Black "Holland, Christopher"]
[Result "1/2-1/2"]
[ECO "E61"]
[WhiteElo "2349"]
[BlackElo "2213"]
[PlyCount "97"]
[EventDate "2015.??.??"]
[TimeControl "6000+2080"]
[WhiteClock "0:17:10"]
[BlackClock "0:15:42"]

1. d4 Nf6 2. c4 g6 3. Nc3 Bg7 4. Nf3 O-O 5. Bg5 h6 6. Bh4 d6 7. e3 Nbd7 8. Be2
Re8 9. O-O e5 10. Qc2 exd4 11. Nxd4 Nc5 12. Rad1 a5 13. h3 Bd7 14. Bf3 Qc8 15.
Bg3 Ne6 16. Qb3 Rb8 17. Ncb5 Ng5 18. Na7 Qd8 19. Be2 Nge4 20. Bh2 c6 21. Qa3
Ra8 22. f3 Nc5 23. Bxd6 Na6 24. Nab5 cxb5 25. cxb5 Nb4 26. e4 Qb6 27. e5 Nh5
28. f4 Nc2 29. Bc5 Nxd4 30. Rxd4 Qc7 31. Bd6 Qc2 32. Rf2 Qb1+ 33. Rd1 Qe4 34.
Bf3 Qc4 35. Bxb7 Ra7 36. Bd5 Qxb5 37. Qe3 Ra6 38. g4 Rxd6 39. Bxf7+ Kxf7 40.
Rxd6 Bf8 41. Rxd7+ Qxd7 42. gxh5 Qd1+ 43. Kg2 Qxh5 44. Qa7+ Kg8 45. Qxa5 Qf5
46. Qb5 Rd8 47. Qc4+ Kh8 48. Qc2 Qe6 49. Qe4 1/2-1/2

[Event "Small Nations"]
[Site "?"]
[Date "2015.04.25"]
[Round "9.5"]
[White "Efimov, Igor"]
[Black "Klerides, Paris"]
[Result "1/2-1/2"]
[ECO "A43"]
[WhiteElo "2398"]
[BlackElo "2183"]
[Annotator "Hamperl,Fred"]
[PlyCount "37"]
[EventDate "2015.??.??"]
[TimeControl "6000+1165"]
[WhiteClock "0:29:02"]
[BlackClock "0:30:45"]

1. d4 Nf6 2. Nf3 c5 3. d5 e6 4. c4 exd5 5. cxd5 Bd6 6. Nc3 Bc7 7. Bg5 d6 8. e3
a6 9. a4 O-O 10. Nd2 Nbd7 11. Be2 Qe7 12. O-O Re8 13. Qc2 Rb8 14. Rab1 Ba5 15.
Nc4 Bc7 16. Nd2 Ba5 17. Bh4 h6 18. Rfd1 Ne5 19. Nde4 1/2-1/2

[Event "Small Nations"]
[Site "?"]
[Date "2015.04.25"]
[Round "9.15"]
[White "Volpinari, Danilo"]
[Black "Jose Queralto, Daniel"]
[Result "1-0"]
[ECO "C24"]
[WhiteElo "2016"]
[BlackElo "2154"]
[PlyCount "75"]
[EventDate "2015.??.??"]
[TimeControl "6000+690"]
[WhiteClock "0:02:48"]
[BlackClock "0:05:11"]

1. e4 e5 2. Bc4 Nf6 3. d3 Nc6 4. Nc3 Na5 5. Qf3 c6 6. Bg5 Be7 7. Nge2 d6 8. h3
h6 9. Bd2 Nxc4 10. dxc4 Be6 11. b3 Qc7 12. O-O O-O-O 13. a4 Kb8 14. a5 d5 15.
cxd5 cxd5 16. exd5 Nxd5 17. Rfd1 Rd7 18. a6 Rhd8 19. axb7 Nxc3 20. Nxc3 Bc5 21.
Be1 Rxd1 22. Rxd1 Rxd1 23. Qxd1 Qxb7 24. Qd3 Qd7 25. Qe2 f6 26. Nd1 Bd5 27. Ne3
Bb7 28. b4 Bb6 29. c4 Bd4 30. Nc2 Qc6 31. Ne3 Qe4 32. Bd2 a6 33. Qf1 f5 34. c5
Ka7 35. Nc4 Qc2 36. Qc1 Qxc1+ 37. Bxc1 Bc3 38. Bd2 {White lost on time.} 1-0